NEW YORK I vs ARIZONA

Created - Wednesday, April 18, 2018 at 21:11

Goals
1 2 3 T
NEW YORK I 2 3 0 5
ARIZONA 1 1 2 4
Shots
1 2 3 T
NEW YORK I 15 10 6 31
ARIZONA 9 11 10 30

1st period

1. ARIZONA , Gabriel Landeskog 22 (P.K. Subban 52, Mikael Backlund 39) at 4:06
2. NEW YORK I , Logan Couture 40 (Brandon Saad 44, Dan Hamhuis 24) at 9:04
3. NEW YORK I , Marcus Foligno 4 (Johnny Boychuk 39) at 9:31

Penalties :
No Penalty

2nd period

4. NEW YORK I , Tyson Barrie 12 (Logan Couture 50, Brandon Saad 45) at 10:39 (PP)
5. ARIZONA , Adam Larsson 9 (Mikael Backlund 40) at 11:37
6. NEW YORK I , Brandon Saad 35 (Tyson Barrie 27, Logan Couture 51) at 12:42
7. NEW YORK I , Tyson Barrie 13 (Sean Monahan 51, Josh Bailey 35) at 13:46 (PP)

Penalties :
Chris VandeVelde (NYI) for Interference (Minor) at 2:34, Gabriel Landeskog (ARI) for Roughing (Minor) at 9:46, Adam Larsson (ARI) for Hooking (Minor) at 13:18, Tomas Plekanec (ARI) for High sticking (Minor) at 18:35

3rd period

8. ARIZONA , Loui Eriksson 13 (Adam Larsson 21, Tomas Plekanec 34) at 4:53
9. ARIZONA , Gabriel Landeskog 23 (Justin Faulk 45, P.K. Subban 53) at 13:23

Penalties :
Gabriel Landeskog (ARI) for Hooking (Minor) at 0:49, Tyson Barrie (NYI) for Hooking (Minor) at 9:10, Gabriel Landeskog (ARI) for Hooking (Minor) at 16:03

Goalie Stats

Jacob Markstrom (NYI), 26 saves from 30 shots - (0.867), W, 20-10-5, 60:00 minutes
Pekka Rinne (ARI), 26 saves from 31 shots - (0.839), L, 33-27-8, 59:10 minutes

Players Stats for NEW YORK I

Player Name              G  A  P  +/- PIM S  H  SB GA TA FO     MP     PP MP  PK MP  
------------------------------------------------------------------------------------
Austin Watson            0  0  0   0  0   0  2  0  0  0  0/0    16:53   0:34   1:50 
Brandon Saad             1  2  3   1  0   1  0  0  0  0  1/1    17:46   3:08   0:00 
Chris VandeVelde         0  0  0  -2  2   1  0  0  0  0  2/5     5:21   0:34   0:00 
Dan Hamhuis              0  1  1   1  0   0  1  0  0  0  0/0    20:02   2:44   1:57 
Esa Lindell              0  0  0   1  0   0  4  1  0  0  0/0    19:58   2:44   1:53 
Johnny Boychuk           0  1  1   0  0   1  0  3  0  0  0/0    25:08   4:34   1:44 
Josh Bailey              0  1  1   1  0   4  1  0  0  0  1/1    18:14   3:36   0:00 
Kyle Clifford            0  0  0   0  0   0  0  0  0  0  1/1     1:06   0:00   1:06 
Logan Couture            1  2  3  -1  0   6  2  0  0  0  11/25  22:34   3:08   0:00 
Marcus Foligno           1  0  1   0  0   3  2  0  0  0  0/0    15:23   0:00   0:54 
Matt Cullen              0  0  0   0  0   2  0  0  0  0  7/16   15:29   0:00   1:00 
Nicklas Grossmann        0  0  0  -2  0   0  1  1  0  0  0/0    14:50   0:00   0:17 
Patrick Maroon           0  0  0   0  0   4  4  0  0  0  0/1    18:43   3:36   0:18 
Radko Gudas              0  0  0  -3  0   1  0  0  0  0  0/0    18:36   0:00   2:05 
Ryan Callahan            0  0  0  -2  0   0  0  0  0  0  0/0     4:48   0:00   0:00 
Ryan Strome              0  0  0   0  0   0  0  0  0  0  1/1    17:57   3:08   0:00 
Sean Monahan             0  1  1   0  0   5  0  1  0  0  11/36  21:47   4:10   2:48 
Tyson Barrie             2  1  3   1  2   3  0  2  0  0  0/0    21:25   4:34   0:00 

Players Stats for ARIZONA

Player Name              G  A  P  +/- PIM S  H  SB GA TA FO     MP     PP MP  PK MP  
------------------------------------------------------------------------------------
Adam Larsson             1  1  2   0  2   2  1  0  0  0  0/0    21:58   1:52   4:08 
Alexander Burmistrov     0  0  0   0  0   0  0  0  0  0  3/4     6:13   0:00   0:00 
Brandon Manning          0  0  0  -1  0   0  3  1  0  0  0/0    16:02   0:00   0:00 
Bryan Rust               0  0  0   1  0   0  7  0  0  0  1/1    15:28   0:30   2:00 
Carl Gunnarsson          0  0  0  -1  0   0  0  0  0  0  0/0    16:02   0:00   0:00 
Gabriel Landeskog        2  0  2   2  6   5  4  0  0  0  0/0    18:18   2:06   0:17 
Justin Faulk             0  1  1   2  0   0  3  2  0  0  0/0    21:44   2:06   2:42 
Justin Williams          0  0  0   2  0   2  0  0  0  0  0/0    18:17   2:06   0:00 
Loui Eriksson            1  0  1   1  0   3  0  0  0  0  0/0    12:58   0:00   0:00 
Mikael Backlund          0  2  2   2  0   2  0  0  0  0  15/29  20:23   2:06   2:06 
Mikhail Grigorenko       0  0  0   0  0   1  0  0  0  0  1/1     6:13   0:00   0:00 
P.K. Subban              0  2  2   1  0   0  0  1  0  0  0/0    25:07   1:59   4:36 
Reilly Smith             0  0  0  -2  0   2  0  0  0  0  2/3    20:15   1:52   5:01 
Ron Hainsey              0  0  0   1  0   1  1  1  0  0  0/0    19:06   1:59   3:10 
Sean Couturier           0  0  0  -2  0   4  1  0  0  0  19/30  18:23   0:00   5:01 
Tom Pyatt                0  0  0   0  0   1  1  0  0  0  0/0     6:24   0:00   0:11 
Tomas Plekanec           0  1  1   1  2   1  0  0  0  0  11/19  14:19   1:22   0:00 
William Nylander         0  0  0  -2  0   6  0  0  0  0  0/0    15:27   1:52   0:00 

3 Stars

1 - Tyson Barrie (NYI)
2 - Brandon Saad (NYI)
3 - Logan Couture (NYI)

Power Play

NEW YORK I - 2 on 5 Attempt(s) - 40.00%
ARIZONA - 0 on 2 Attempt(s) - 0.00%

Penalty Kill

NEW YORK I - 2 on 2 Attempt(s) - 100.00% - Score 0 goal in Penalty Kill
ARIZONA - 3 on 5 Attempt(s) - 60.00% - Score 0 goal in Penalty Kill

Team Stat

NEW YORK I - Hits : 17 - Faceoff Wins : 35 - Blocked Shots : 8 - Penalty Minutes : 4
ARIZONA - Hits : 21 - Faceoff Wins : 52 - Blocked Shots : 5 - Penalty Minutes : 10

Official

Referees : Unknown
Linesman : Unknown

Game Notes

No Game Note

Finance

Level 1 -- Attendance: 5785 (96.42%) -- Ticket Income $503,295
Level 2 -- Attendance: 5000 (100.00%) -- Ticket Income $290,000
Level 3 -- Attendance: 1919 (95.95%) -- Ticket Income $67,165
Level 4 -- Attendance: 3654 (91.35%) -- Ticket Income $73,080
Luxury Box -- Attendance: 852 (85.20%) -- Ticket Income $157,620
Game was played at the Gila River Arena.
Total Attendance: 17210 (95.61%)
Total Ticket Income: $1,091,160
Total Income: $1,091,160

NEW YORK I

5 vs 5 Forward 
   Center                   Left Wing                Right Wing               Time % Phy DF OF 
 1 Logan Couture            Brandon Saad             Josh Bailey              35     1   2  2  
 2 Sean Monahan             Patrick Maroon           Ryan Strome              30     1   2  2  
 3 Matt Cullen              Marcus Foligno           Austin Watson            25     1   2  2  
 4 Chris VandeVelde         Logan Couture            Ryan Callahan            10     1   2  2  

5 vs 5 Defense 
   Defense                  Defense                                           Time % Phy DF OF 
 1 Tyson Barrie             Johnny Boychuk                                    35     1   2  2  
 2 Esa Lindell              Dan Hamhuis                                       30     1   2  2  
 3 Nicklas Grossmann        Radko Gudas                                       25     1   2  2  
 4 Radko Gudas              Johnny Boychuk                                    10     1   2  2  

PowerPlay Forward 
   Center                   Left Wing                Right Wing               Time % Phy DF OF 
 1 Sean Monahan             Patrick Maroon           Josh Bailey              60     1   2  2  
 2 Logan Couture            Brandon Saad             Ryan Strome              40     1   2  2  

PowerPlay Defense
   Defense                  Defense                                           Time % Phy DF OF 
 1 Tyson Barrie             Johnny Boychuk                                    60     1   2  2  
 2 Esa Lindell              Dan Hamhuis                                       40     1   2  2  

Penalty Kill 4 Players Forward 
   Center                   Wing                     Time % Phy DF OF 
 1 Sean Monahan             Austin Watson            60     1   2  2  
 2 Matt Cullen              Marcus Foligno           40     1   2  2  

Penalty Kill 4 Players Defense
   Defense                  Defense                  Time % Phy DF OF 
 1 Radko Gudas              Johnny Boychuk           60     1   2  2  
 2 Esa Lindell              Dan Hamhuis              40     1   2  2  

Penalty Kill - 3 Players Forward 
   Forward                                           Time % Phy DF OF 
 1 Sean Monahan                                      60     1   2  2  
 2 Marcus Foligno                                    40     1   2  2  

Penalty Kill - 3 Players Defense
   Defense                  Defense                  Time % Phy DF OF 
 1 Radko Gudas              Johnny Boychuk           60     1   2  2  
 2 Esa Lindell              Dan Hamhuis              40     1   2  2  

4 vs 4 Forward 
   Center                   Wing                     Time % Phy DF OF 
 1 Logan Couture            Brandon Saad             60     1   2  2  
 2 Sean Monahan             Josh Bailey              40     1   2  2  

4 vs 4 Defense
   Defense                  Defense                  Time % Phy DF OF 
 1 Tyson Barrie             Johnny Boychuk           60     1   2  2  
 2 Esa Lindell              Dan Hamhuis              40     1   2  2  

Last Minutes Offensive
   Center                   Left Wing                Right Wing               Defense                  Defense                  
   Sean Monahan             Logan Couture            Josh Bailey              Tyson Barrie             Johnny Boychuk           

Last Minutes Defensive
   Center                   Left Wing                Right Wing               Defense                  Defense                  
   Sean Monahan             Patrick Maroon           Ryan Callahan            Radko Gudas              Johnny Boychuk           

Goaltenders
Starting : Jacob Markstrom          
Backup : Scott Darling            

Extra Forwards
Normal : Austin Watson, Chris VandeVelde, Kyle Clifford - PP : Austin Watson, Chris VandeVelde - PK : Kyle Clifford
Extra Defensemen
Normal : Nicklas Grossmann, Radko Gudas, Esa Lindell - PP : Nicklas Grossmann - PK : Radko Gudas, Esa Lindell
Penalty Shots
Sean Monahan, Logan Couture, Josh Bailey, Brandon Saad, Ryan Strome

Scratches
NYI CAP HIT (Suspend), Brad Hunt (Healthy), Adam Clendening (Healthy)

ARIZONA

5 vs 5 Forward 
   Center                   Left Wing                Right Wing               Time % Phy DF OF 
 1 Mikael Backlund          Gabriel Landeskog        Justin Williams          35     1   2  2  
 2 Sean Couturier           William Nylander         Reilly Smith             31     1   2  2  
 3 Tomas Plekanec           Bryan Rust               Loui Eriksson            25     1   2  2  
 4 Alexander Burmistrov     Mikhail Grigorenko       Tom Pyatt                9      1   2  2  

5 vs 5 Defense 
   Defense                  Defense                                           Time % Phy DF OF 
 1 P.K. Subban              Justin Faulk                                      35     1   2  2  
 2 Ron Hainsey              Adam Larsson                                      32     1   2  2  
 3 Brandon Manning          Carl Gunnarsson                                   25     1   2  2  
 4 P.K. Subban              Adam Larsson                                      8      1   2  2  

PowerPlay Forward 
   Center                   Left Wing                Right Wing               Time % Phy DF OF 
 1 Mikael Backlund          Gabriel Landeskog        Justin Williams          60     1   1  3  
 2 Tomas Plekanec           William Nylander         Reilly Smith             40     1   1  3  

PowerPlay Defense
   Defense                  Defense                                           Time % Phy DF OF 
 1 P.K. Subban              Justin Faulk                                      60     1   2  2  
 2 Ron Hainsey              Adam Larsson                                      40     1   2  2  

Penalty Kill 4 Players Forward 
   Center                   Wing                     Time % Phy DF OF 
 1 Sean Couturier           Reilly Smith             60     1   3  1  
 2 Mikael Backlund          Gabriel Landeskog        40     1   3  1  

Penalty Kill 4 Players Defense
   Defense                  Defense                  Time % Phy DF OF 
 1 P.K. Subban              Adam Larsson             50     1   4  0  
 2 Ron Hainsey              Justin Faulk             50     1   4  0  

Penalty Kill - 3 Players Forward 
   Forward                                           Time % Phy DF OF 
 1 Sean Couturier                                    55     1   4  0  
 2 Tomas Plekanec                                    45     1   4  0  

Penalty Kill - 3 Players Defense
   Defense                  Defense                  Time % Phy DF OF 
 1 P.K. Subban              Adam Larsson             60     1   4  0  
 2 Brandon Manning          Justin Faulk             40     1   4  0  

4 vs 4 Forward 
   Center                   Wing                     Time % Phy DF OF 
 1 Mikael Backlund          Gabriel Landeskog        60     1   2  2  
 2 Tomas Plekanec           Justin Williams          40     1   2  2  

4 vs 4 Defense
   Defense                  Defense                  Time % Phy DF OF 
 1 Adam Larsson             Justin Faulk             60     1   2  2  
 2 P.K. Subban              Ron Hainsey              40     1   2  2  

Last Minutes Offensive
   Center                   Left Wing                Right Wing               Defense                  Defense                  
   Mikael Backlund          William Nylander         Justin Williams          P.K. Subban              Justin Faulk             

Last Minutes Defensive
   Center                   Left Wing                Right Wing               Defense                  Defense                  
   Mikael Backlund          Gabriel Landeskog        Reilly Smith             P.K. Subban              Adam Larsson             

Goaltenders
Starting : Pekka Rinne              
Backup : Curtis McElhinney        

Extra Forwards
Normal : Sean Couturier, Justin Williams, Alexander Burmistrov - PP : William Nylander, Bryan Rust - PK : Sean Couturier
Extra Defensemen
Normal : Justin Faulk, Adam Larsson, Ron Hainsey - PP : Ron Hainsey - PK : Ron Hainsey, Brandon Manning
Penalty Shots
Tom Pyatt, William Nylander, Justin Williams, Mikael Backlund, Gabriel Landeskog

Scratches
John-Michael Liles (Healthy), Tony Calderone (Healthy), ARI CAP HIT (Suspend), Dalton Prout (Healthy)

% Time on Ice - NEW YORK I

Lines # - Real PCT - Wanted PCT - Time Play
Normal Forward
1 - 30% - 35% - 14:38
2 - 30% - 30% - 14:49
3 - 30% - 25% - 14:29
4 - 10% - 10% - 4:48
Normal Defense
1 - 35% - 35% - 16:52
2 - 31% - 30% - 15:21
3 - 30% - 25% - 14:33
4 - 4% - 10% - 1:58
PP Forward
1 - 57% - 60% - 4:10
2 - 43% - 40% - 3:08
PP Defense
1 - 63% - 60% - 4:34
2 - 37% - 40% - 2:44
PK Forward
1 - 77% - 60% - 3:04
2 - 23% - 40% - 0:54
PK Defense
1 - 53% - 60% - 2:05
2 - 47% - 40% - 1:53
PK3 Forward
1 - 0% - 60%
2 - 0% - 40%
PK3 Defense
1 - 0% - 60%
2 - 0% - 40%
44 Forward
1 - 0% - 60%
2 - 0% - 40%
44 Defense
1 - 0% - 60%
2 - 0% - 40%
Last Minute Offensive  - 0:00
Last Minute Defensive  - 0:00
Total
Forward - 60:00
Defense - 60:00

% Time on Ice - ARIZONA

Lines # - Real PCT - Wanted PCT - Time Play
Normal Forward
1 - 33% - 35% - 15:58
2 - 28% - 31% - 13:22
3 - 27% - 25% - 12:58
4 - 13% - 9% - 6:13
Normal Defense
1 - 34% - 35% - 16:43
2 - 29% - 32% - 13:57
3 - 33% - 25% - 16:02
4 - 4% - 8% - 1:49
PP Forward
1 - 53% - 60% - 2:06
2 - 47% - 40% - 1:52
PP Defense
1 - 53% - 60% - 2:06
2 - 47% - 40% - 1:52
PK Forward
1 - 71% - 60% - 5:12
2 - 29% - 40% - 2:06
PK Defense
1 - 63% - 50% - 4:36
2 - 37% - 50% - 2:42
PK3 Forward
1 - 0% - 55%
2 - 0% - 45%
PK3 Defense
1 - 0% - 60%
2 - 0% - 40%
44 Forward
1 - 0% - 60%
2 - 0% - 40%
44 Defense
1 - 0% - 60%
2 - 0% - 40%
Last Minute Offensive  - 0:13
Last Minute Defensive  - 0:00
Total
Forward - 60:00
Defense - 60:00

Play-by-Play

1st period


0:01 of 1st period - Mikael Backlund wins face-off versus Logan Couture in neutral zone.
0:21 of 1st period - Logan Couture is hit by Justin Faulk and loses puck.
0:24 of 1st period - Shot by Brandon Saad.
0:24 of 1st period - Shot Misses the Net.
0:26 of 1st period - Shot by Josh Bailey.
0:26 of 1st period - Stopped by Pekka Rinne without a rebound.
0:27 of 1st period - Sean Couturier wins face-off versus Sean Monahan in ARIZONA zone.
0:27 of 1st period - Sean Couturier is hit by Patrick Maroon.
0:38 of 1st period - Icing by Sean Monahan.
0:39 of 1st period - Tomas Plekanec wins face-off versus Sean Monahan in NEW YORK I zone.
0:40 of 1st period - Shot by Loui Eriksson.
0:40 of 1st period - Stopped by Jacob Markstrom without a rebound.
0:41 of 1st period - Tomas Plekanec wins face-off versus Matt Cullen in NEW YORK I zone.
0:49 of 1st period - Icing by Radko Gudas.
0:50 of 1st period - Matt Cullen wins face-off versus Alexander Burmistrov in NEW YORK I zone.
1:13 of 1st period - Shot by Mikhail Grigorenko.
1:13 of 1st period - Shot Misses the Net.
2:14 of 1st period - Icing by Carl Gunnarsson.
2:15 of 1st period - Sean Couturier wins face-off versus Logan Couture in ARIZONA zone.
2:22 of 1st period - Icing by Brandon Saad.
2:23 of 1st period - Tomas Plekanec wins face-off versus Logan Couture in NEW YORK I zone.
2:29 of 1st period - Icing by Josh Bailey.
2:30 of 1st period - Logan Couture wins face-off versus Mikael Backlund in NEW YORK I zone.
2:46 of 1st period - Shot by Logan Couture.
2:46 of 1st period - Stopped by Pekka Rinne without a rebound.
2:47 of 1st period - Tomas Plekanec wins face-off versus Sean Monahan in ARIZONA zone.
3:12 of 1st period - Icing by Brandon Manning.
3:13 of 1st period - Bryan Rust wins face-off versus Chris VandeVelde in ARIZONA zone.
4:06 of 1st period - Shot by Gabriel Landeskog.
4:06 of 1st period - Goal by Gabriel Landeskog - NEW YORK I : 0 - ARIZONA : 1.
4:07 of 1st period - Sean Monahan wins face-off versus Sean Couturier in neutral zone.
4:29 of 1st period - Patrick Maroon is hit by Ron Hainsey and loses puck.
4:37 of 1st period - Sean Couturier is hit by Esa Lindell.
4:39 of 1st period - Shot by William Nylander.
4:39 of 1st period - Stopped by Jacob Markstrom without a rebound.
4:40 of 1st period - Mikael Backlund wins face-off versus Matt Cullen in NEW YORK I zone.
4:59 of 1st period - Shot by Gabriel Landeskog.
4:59 of 1st period - Stopped by Jacob Markstrom without a rebound.
5:00 of 1st period - Logan Couture wins face-off versus Tomas Plekanec in NEW YORK I zone.
5:00 of 1st period - Logan Couture is hit by Bryan Rust.
5:26 of 1st period - Shot by Josh Bailey.
5:26 of 1st period - Stopped by Pekka Rinne without a rebound.
5:27 of 1st period - Sean Monahan wins face-off versus Mikael Backlund in ARIZONA zone.
5:34 of 1st period - Shot by Sean Monahan.
5:34 of 1st period - Stopped by Pekka Rinne without a rebound.
5:35 of 1st period - Sean Monahan wins face-off versus Sean Couturier in ARIZONA zone.
6:11 of 1st period - Shot by William Nylander.
6:11 of 1st period - Shot Blocked by Tyson Barrie.
6:13 of 1st period - Shot by Sean Couturier.
6:13 of 1st period - Deflect By William Nylander.
6:13 of 1st period - Stopped by Jacob Markstrom with a rebound.
6:15 of 1st period - Shot by P.K. Subban.
6:15 of 1st period - Shot Blocked by Johnny Boychuk.
6:31 of 1st period - Shot by Mikael Backlund.
6:31 of 1st period - Stopped by Jacob Markstrom without a rebound.
6:32 of 1st period - Logan Couture wins face-off versus Mikael Backlund in NEW YORK I zone.
7:00 of 1st period - Shot by Mikael Backlund.
7:00 of 1st period - Shot Misses the Net.
7:02 of 1st period - Shot by Mikael Backlund.
7:02 of 1st period - Shot Misses the Net.
7:12 of 1st period - Shot by Justin Williams.
7:12 of 1st period - Shot Blocked by Esa Lindell.
7:21 of 1st period - Icing by Josh Bailey.
7:22 of 1st period - Logan Couture wins face-off versus Tomas Plekanec in NEW YORK I zone.
7:22 of 1st period - Logan Couture is hit by Bryan Rust.
7:42 of 1st period - Austin Watson is hit by Justin Faulk and loses puck.
7:47 of 1st period - Shot by Matt Cullen.
7:47 of 1st period - Stopped by Pekka Rinne with a rebound.
7:57 of 1st period - Shot by P.K. Subban.
7:57 of 1st period - Shot Misses the Net.
8:10 of 1st period - Icing by P.K. Subban.
8:11 of 1st period - Tomas Plekanec wins face-off versus Sean Monahan in ARIZONA zone.
8:23 of 1st period - Icing by Tyson Barrie.
8:24 of 1st period - Sean Monahan wins face-off versus Sean Couturier in NEW YORK I zone.
8:37 of 1st period - Shot by Sean Monahan.
8:37 of 1st period - Deflect By Patrick Maroon.
8:37 of 1st period - Shot Misses the Net.
8:39 of 1st period - Shot by Sean Monahan.
8:39 of 1st period - Stopped by Pekka Rinne without a rebound.
8:40 of 1st period - Mikael Backlund wins face-off versus Logan Couture in ARIZONA zone.
8:49 of 1st period - Mikael Backlund is hit by Logan Couture and loses puck.
8:56 of 1st period - Shot by Josh Bailey.
8:56 of 1st period - Shot Misses the Net.
9:00 of 1st period - Shot by Brandon Saad.
9:00 of 1st period - Shot Misses the Net.
9:02 of 1st period - Shot by Logan Couture.
9:02 of 1st period - Stopped by Pekka Rinne with a rebound.
9:04 of 1st period - Shot by Logan Couture.
9:04 of 1st period - Goal by Logan Couture - NEW YORK I : 1 - ARIZONA : 1.
9:05 of 1st period - Matt Cullen wins face-off versus Sean Couturier in neutral zone.
9:31 of 1st period - Shot by Marcus Foligno.
9:31 of 1st period - Goal by Marcus Foligno - NEW YORK I : 2 - ARIZONA : 1.
9:32 of 1st period - Mikael Backlund wins face-off versus Logan Couture in neutral zone.
9:35 of 1st period - Shot by Justin Williams.
9:35 of 1st period - Shot Misses the Net.
9:40 of 1st period - Logan Couture is hit by Gabriel Landeskog and loses puck.
10:52 of 1st period - Shot by Reilly Smith.
10:52 of 1st period - Shot Misses the Net.
11:04 of 1st period - Shot by William Nylander.
11:04 of 1st period - Stopped by Jacob Markstrom without a rebound.
11:05 of 1st period - Tomas Plekanec wins face-off versus Matt Cullen in NEW YORK I zone.
11:05 of 1st period - P.K. Subban is hit by Esa Lindell and loses puck.
11:47 of 1st period - Shot by Matt Cullen.
11:47 of 1st period - Shot Misses the Net.
12:04 of 1st period - Esa Lindell is hit by Brandon Manning and loses puck.
12:30 of 1st period - Icing by Austin Watson.
12:31 of 1st period - Sean Couturier wins face-off versus Matt Cullen in NEW YORK I zone.
12:35 of 1st period - Reilly Smith is hit by Esa Lindell and loses puck.
12:38 of 1st period - Shot by Ron Hainsey.
12:38 of 1st period - Shot Misses the Net.
12:40 of 1st period - Shot by Adam Larsson.
12:40 of 1st period - Stopped by Jacob Markstrom without a rebound.
12:41 of 1st period - Mikhail Grigorenko wins face-off versus Logan Couture in NEW YORK I zone.
13:08 of 1st period - Shot by Tyson Barrie.
13:08 of 1st period - Stopped by Pekka Rinne without a rebound.
13:09 of 1st period - Sean Monahan wins face-off versus Mikael Backlund in ARIZONA zone.
13:15 of 1st period - Shot by Sean Monahan.
13:15 of 1st period - Shot Misses the Net.
13:17 of 1st period - Shot by Radko Gudas.
13:17 of 1st period - Shot Misses the Net.
13:19 of 1st period - Shot by Radko Gudas.
13:19 of 1st period - Stopped by Pekka Rinne without a rebound.
13:20 of 1st period - Chris VandeVelde wins face-off versus Sean Couturier in ARIZONA zone.
14:09 of 1st period - William Nylander is hit by Nicklas Grossmann and loses puck.
14:24 of 1st period - Shot by Mikael Backlund.
14:24 of 1st period - Shot Misses the Net.
14:26 of 1st period - Shot by Justin Williams.
14:26 of 1st period - Stopped by Jacob Markstrom with a rebound.
15:36 of 1st period - Loui Eriksson is hit by Marcus Foligno and loses puck.
17:30 of 1st period - Icing by Ron Hainsey.
17:31 of 1st period - Sean Couturier wins face-off versus Sean Monahan in ARIZONA zone.
17:31 of 1st period - Sean Couturier is hit by Patrick Maroon.
17:38 of 1st period - Shot by Sean Monahan.
17:38 of 1st period - Stopped by Pekka Rinne without a rebound.
17:39 of 1st period - Mikael Backlund wins face-off versus Sean Monahan in ARIZONA zone.
17:56 of 1st period - Shot by Ryan Strome.
17:56 of 1st period - Shot Misses the Net.
18:04 of 1st period - Shot by Patrick Maroon.
18:04 of 1st period - Stopped by Pekka Rinne without a rebound.
18:05 of 1st period - Tomas Plekanec wins face-off versus Logan Couture in ARIZONA zone.
18:12 of 1st period - Tyson Barrie is hit by Bryan Rust and loses puck.
18:39 of 1st period - Icing by Tomas Plekanec.
18:40 of 1st period - Sean Monahan wins face-off versus Tomas Plekanec in ARIZONA zone.
18:43 of 1st period - Shot by Patrick Maroon.
18:43 of 1st period - Shot Misses the Net.
18:58 of 1st period - Sean Monahan is hit by Bryan Rust.
19:33 of 1st period - Shot by Logan Couture.
19:33 of 1st period - Stopped by Pekka Rinne with a rebound.
19:35 of 1st period - Shot by Chris VandeVelde.
19:35 of 1st period - Stopped by Pekka Rinne with a rebound.
19:37 of 1st period - Shot by Ryan Callahan.
19:37 of 1st period - Shot Misses the Net.
19:44 of 1st period - Icing by Ron Hainsey.
19:45 of 1st period - Mikael Backlund wins face-off versus Matt Cullen in ARIZONA zone.
19:51 of 1st period - Off-side.
19:52 of 1st period - Sean Couturier wins face-off versus Logan Couture in neutral zone.
Goals for this period are 2 for NEW YORK I vs 1 for ARIZONA.
Shots for this period are 15 for NEW YORK I vs 9 for ARIZONA.

2nd period


0:01 of 2nd period - Josh Bailey wins face-off versus Mikael Backlund in neutral zone.
1:43 of 2nd period - Shot by Sean Monahan.
1:43 of 2nd period - Stopped by Pekka Rinne without a rebound.
1:44 of 2nd period - Matt Cullen wins face-off versus Tomas Plekanec in ARIZONA zone.
1:49 of 2nd period - Shot by Austin Watson.
1:49 of 2nd period - Shot Misses the Net.
2:34 of 2nd period - Minor Penalty to Chris VandeVelde for Interference.
2:35 of 2nd period - Reilly Smith wins face-off versus Sean Monahan in NEW YORK I zone.
2:59 of 2nd period - Tomas Plekanec is hit by Dan Hamhuis and loses puck.
3:06 of 2nd period - Shot by William Nylander.
3:06 of 2nd period - Shot Misses the Net.
3:08 of 2nd period - Shot by Reilly Smith.
3:08 of 2nd period - Shot Misses the Net.
3:10 of 2nd period - Shot by Ron Hainsey.
3:10 of 2nd period - Stopped by Jacob Markstrom with a rebound.
3:12 of 2nd period - Shot by Ron Hainsey.
3:12 of 2nd period - Shot Blocked by Sean Monahan.
4:26 of 2nd period - Shot by Reilly Smith.
4:26 of 2nd period - Stopped by Jacob Markstrom without a rebound.
4:27 of 2nd period - Kyle Clifford wins face-off versus Mikael Backlund in NEW YORK I zone.
4:55 of 2nd period - Icing by Logan Couture.
4:56 of 2nd period - Logan Couture wins face-off versus Tomas Plekanec in NEW YORK I zone.
5:46 of 2nd period - Shot by Matt Cullen.
5:46 of 2nd period - Stopped by Pekka Rinne without a rebound.
5:47 of 2nd period - Sean Couturier wins face-off versus Sean Monahan in ARIZONA zone.
6:08 of 2nd period - Icing by P.K. Subban.
6:09 of 2nd period - Sean Couturier wins face-off versus Matt Cullen in ARIZONA zone.
6:09 of 2nd period - Reilly Smith is hit by Austin Watson and loses puck.
6:28 of 2nd period - Shot by Sean Couturier.
6:28 of 2nd period - Stopped by Jacob Markstrom with a rebound.
6:30 of 2nd period - Shot by Reilly Smith.
6:30 of 2nd period - Deflect By Sean Couturier.
6:30 of 2nd period - Stopped by Jacob Markstrom without a rebound.
6:31 of 2nd period - Logan Couture wins face-off versus Mikael Backlund in NEW YORK I zone.
6:36 of 2nd period - Shot by Johnny Boychuk.
6:36 of 2nd period - Stopped by Pekka Rinne with a rebound.
6:39 of 2nd period - Icing by Adam Larsson.
6:40 of 2nd period - Mikael Backlund wins face-off versus Logan Couture in ARIZONA zone.
7:05 of 2nd period - Shot by Gabriel Landeskog.
7:05 of 2nd period - Shot Misses the Net.
7:07 of 2nd period - Shot by Ron Hainsey.
7:07 of 2nd period - Shot Blocked by Tyson Barrie.
7:17 of 2nd period - Shot by Mikael Backlund.
7:17 of 2nd period - Shot Misses the Net.
7:45 of 2nd period - Shot by Patrick Maroon.
7:45 of 2nd period - Stopped by Pekka Rinne without a rebound.
7:46 of 2nd period - Tomas Plekanec wins face-off versus Sean Monahan in ARIZONA zone.
8:30 of 2nd period - Ryan Strome is hit by Brandon Manning.
9:46 of 2nd period - Minor Penalty to Gabriel Landeskog for Roughing.
9:47 of 2nd period - Sean Monahan wins face-off versus Sean Couturier in ARIZONA zone.
9:54 of 2nd period - Shot by Josh Bailey.
9:54 of 2nd period - Shot Misses the Net.
9:56 of 2nd period - Shot by Johnny Boychuk.
9:56 of 2nd period - Shot Misses the Net.
9:58 of 2nd period - Shot by Josh Bailey.
9:58 of 2nd period - Stopped by Pekka Rinne without a rebound.
9:59 of 2nd period - Sean Couturier wins face-off versus Logan Couture in ARIZONA zone.
10:16 of 2nd period - Ryan Strome is hit by Bryan Rust and loses puck.
10:37 of 2nd period - Shot by Tyson Barrie.
10:37 of 2nd period - Deflect By Logan Couture.
10:37 of 2nd period - Shot Misses the Net.
10:39 of 2nd period - Shot by Tyson Barrie.
10:39 of 2nd period - Goal by Tyson Barrie - NEW YORK I : 3 - ARIZONA : 1.
10:40 of 2nd period - Alexander Burmistrov wins face-off versus Chris VandeVelde in neutral zone.
11:19 of 2nd period - Shot by Mikhail Grigorenko.
11:19 of 2nd period - Stopped by Jacob Markstrom without a rebound.
11:20 of 2nd period - Matt Cullen wins face-off versus Mikael Backlund in NEW YORK I zone.
11:27 of 2nd period - Shot by Matt Cullen.
11:27 of 2nd period - Deflect By Marcus Foligno.
11:27 of 2nd period - Shot Misses the Net.
11:37 of 2nd period - Shot by Adam Larsson.
11:37 of 2nd period - Goal by Adam Larsson - NEW YORK I : 3 - ARIZONA : 2.
11:38 of 2nd period - Reilly Smith wins face-off versus Sean Monahan in neutral zone.
11:46 of 2nd period - Icing by Sean Monahan.
11:47 of 2nd period - Mikael Backlund wins face-off versus Sean Monahan in NEW YORK I zone.
12:06 of 2nd period - Shot by Justin Williams.
12:06 of 2nd period - Stopped by Jacob Markstrom with a rebound.
12:08 of 2nd period - Shot by Gabriel Landeskog.
12:08 of 2nd period - Stopped by Jacob Markstrom without a rebound.
12:09 of 2nd period - Sean Couturier wins face-off versus Matt Cullen in NEW YORK I zone.
12:14 of 2nd period - Shot by Reilly Smith.
12:14 of 2nd period - Deflect By William Nylander.
12:14 of 2nd period - Stopped by Jacob Markstrom without a rebound.
12:15 of 2nd period - Logan Couture wins face-off versus Sean Couturier in NEW YORK I zone.
12:42 of 2nd period - Shot by Brandon Saad.
12:42 of 2nd period - Goal by Brandon Saad - NEW YORK I : 4 - ARIZONA : 2.
12:43 of 2nd period - Ryan Strome wins face-off versus Mikael Backlund in neutral zone.
12:48 of 2nd period - Icing by Justin Williams.
12:49 of 2nd period - Mikael Backlund wins face-off versus Sean Monahan in ARIZONA zone.
12:49 of 2nd period - Mikael Backlund is hit by Patrick Maroon.
13:00 of 2nd period - Icing by Esa Lindell.
13:01 of 2nd period - Sean Couturier wins face-off versus Sean Monahan in NEW YORK I zone.
13:05 of 2nd period - Icing by Dan Hamhuis.
13:06 of 2nd period - Mikael Backlund wins face-off versus Sean Monahan in NEW YORK I zone.
13:18 of 2nd period - Minor Penalty to Adam Larsson for Hooking.
13:19 of 2nd period - Sean Monahan wins face-off versus Sean Couturier in ARIZONA zone.
13:46 of 2nd period - Shot by Tyson Barrie.
13:46 of 2nd period - Goal by Tyson Barrie - NEW YORK I : 5 - ARIZONA : 2.
13:47 of 2nd period - Chris VandeVelde wins face-off versus Mikael Backlund in neutral zone.
14:14 of 2nd period - Shot by Ryan Callahan.
14:14 of 2nd period - Deflect By Logan Couture.
14:14 of 2nd period - Stopped by Pekka Rinne without a rebound.
14:15 of 2nd period - Sean Monahan wins face-off versus Sean Couturier in ARIZONA zone.
14:20 of 2nd period - Shot by Patrick Maroon.
14:20 of 2nd period - Shot Misses the Net.
14:39 of 2nd period - Sean Monahan is hit by Justin Faulk and loses puck.
14:50 of 2nd period - Shot by P.K. Subban.
14:50 of 2nd period - Shot Misses the Net.
15:22 of 2nd period - Radko Gudas is hit by Gabriel Landeskog and loses puck.
15:30 of 2nd period - Off-side.
15:31 of 2nd period - Tomas Plekanec wins face-off versus Matt Cullen in neutral zone.
15:34 of 2nd period - Austin Watson is hit by Bryan Rust and loses puck.
16:13 of 2nd period - Shot by Loui Eriksson.
16:13 of 2nd period - Stopped by Jacob Markstrom without a rebound.
16:14 of 2nd period - Logan Couture wins face-off versus Mikael Backlund in NEW YORK I zone.
16:14 of 2nd period - Brandon Saad is hit by Gabriel Landeskog and loses puck.
17:09 of 2nd period - Off-side.
17:10 of 2nd period - Sean Couturier wins face-off versus Sean Monahan in neutral zone.
17:42 of 2nd period - Shot by Patrick Maroon.
17:42 of 2nd period - Stopped by Pekka Rinne without a rebound.
17:43 of 2nd period - Matt Cullen wins face-off versus Tomas Plekanec in ARIZONA zone.
17:43 of 2nd period - Matt Cullen is hit by Brandon Manning.
17:57 of 2nd period - Shot by Bryan Rust.
17:57 of 2nd period - Shot Misses the Net.
17:59 of 2nd period - Shot by Tomas Plekanec.
17:59 of 2nd period - Stopped by Jacob Markstrom with a rebound.
18:10 of 2nd period - Bryan Rust is hit by Esa Lindell and loses puck.
18:13 of 2nd period - Shot by Tomas Plekanec.
18:13 of 2nd period - Shot Misses the Net.
18:35 of 2nd period - Minor Penalty to Tomas Plekanec for High sticking.
18:36 of 2nd period - Sean Couturier wins face-off versus Patrick Maroon in ARIZONA zone.
19:18 of 2nd period - Shot by Sean Monahan.
19:18 of 2nd period - Shot Blocked by P.K. Subban.
19:44 of 2nd period - Icing by Dan Hamhuis.
19:45 of 2nd period - Logan Couture wins face-off versus Reilly Smith in NEW YORK I zone.
Goals for this period are 3 for NEW YORK I vs 1 for ARIZONA.
Shots for this period are 10 for NEW YORK I vs 11 for ARIZONA.

3rd period


0:01 of 3rd period - Sean Couturier wins face-off versus Sean Monahan in neutral zone.
0:24 of 3rd period - Shot by Patrick Maroon.
0:24 of 3rd period - Stopped by Pekka Rinne with a rebound.
0:49 of 3rd period - Minor Penalty to Gabriel Landeskog for Hooking.
0:50 of 3rd period - Brandon Saad wins face-off versus Sean Couturier in ARIZONA zone.
0:53 of 3rd period - Shot by Dan Hamhuis.
0:53 of 3rd period - Shot Blocked by Ron Hainsey.
0:55 of 3rd period - Shot by Esa Lindell.
0:55 of 3rd period - Shot Blocked by Justin Faulk.
2:51 of 3rd period - Shot by Marcus Foligno.
2:51 of 3rd period - Shot Blocked by Brandon Manning.
3:27 of 3rd period - Shot by Marcus Foligno.
3:27 of 3rd period - Stopped by Pekka Rinne without a rebound.
3:28 of 3rd period - Mikael Backlund wins face-off versus Chris VandeVelde in ARIZONA zone.
3:53 of 3rd period - Shot by Gabriel Landeskog.
3:53 of 3rd period - Shot Blocked by Johnny Boychuk.
4:39 of 3rd period - Shot by Bryan Rust.
4:39 of 3rd period - Shot Misses the Net.
4:53 of 3rd period - Shot by Loui Eriksson.
4:53 of 3rd period - Goal by Loui Eriksson - NEW YORK I : 5 - ARIZONA : 3.
4:54 of 3rd period - Sean Monahan wins face-off versus Sean Couturier in neutral zone.
5:25 of 3rd period - Dan Hamhuis is hit by Sean Couturier and loses puck.
6:51 of 3rd period - Off-side.
6:52 of 3rd period - Alexander Burmistrov wins face-off versus Logan Couture in neutral zone.
7:15 of 3rd period - Shot by Mikhail Grigorenko.
7:15 of 3rd period - Shot Blocked by Johnny Boychuk.
7:20 of 3rd period - Icing by Johnny Boychuk.
7:21 of 3rd period - Sean Couturier wins face-off versus Logan Couture in NEW YORK I zone.
7:26 of 3rd period - Shot by William Nylander.
7:26 of 3rd period - Stopped by Jacob Markstrom with a rebound.
7:28 of 3rd period - Shot by Reilly Smith.
7:28 of 3rd period - Shot Misses the Net.
7:30 of 3rd period - Shot by William Nylander.
7:30 of 3rd period - Shot Misses the Net.
7:35 of 3rd period - Icing by Johnny Boychuk.
7:36 of 3rd period - Logan Couture wins face-off versus Tomas Plekanec in NEW YORK I zone.
8:31 of 3rd period - Shot by William Nylander.
8:31 of 3rd period - Stopped by Jacob Markstrom without a rebound.
8:32 of 3rd period - Sean Couturier wins face-off versus Sean Monahan in NEW YORK I zone.
8:35 of 3rd period - Shot by William Nylander.
8:35 of 3rd period - Shot Misses the Net.
8:37 of 3rd period - Shot by Ron Hainsey.
8:37 of 3rd period - Shot Misses the Net.
8:39 of 3rd period - Shot by William Nylander.
8:39 of 3rd period - Shot Misses the Net.
8:41 of 3rd period - Shot by Sean Couturier.
8:41 of 3rd period - Stopped by Jacob Markstrom without a rebound.
8:42 of 3rd period - Mikael Backlund wins face-off versus Sean Monahan in NEW YORK I zone.
8:43 of 3rd period - Shot by Gabriel Landeskog.
8:43 of 3rd period - Shot Misses the Net.
9:05 of 3rd period - Shot by Sean Monahan.
9:05 of 3rd period - Stopped by Pekka Rinne without a rebound.
9:06 of 3rd period - Sean Couturier wins face-off versus Logan Couture in ARIZONA zone.
9:10 of 3rd period - Minor Penalty to Tyson Barrie for Hooking.
9:11 of 3rd period - Mikael Backlund wins face-off versus Sean Monahan in NEW YORK I zone.
9:22 of 3rd period - Shot by Justin Faulk.
9:22 of 3rd period - Shot Misses the Net.
9:24 of 3rd period - Shot by P.K. Subban.
9:24 of 3rd period - Shot Misses the Net.
9:26 of 3rd period - Shot by Gabriel Landeskog.
9:26 of 3rd period - Deflect By Mikael Backlund.
9:26 of 3rd period - Stopped by Jacob Markstrom without a rebound.
9:27 of 3rd period - Tomas Plekanec wins face-off versus Sean Monahan in NEW YORK I zone.
9:41 of 3rd period - Off-side.
9:42 of 3rd period - Mikael Backlund wins face-off versus Sean Monahan in neutral zone.
9:58 of 3rd period - Icing by Gabriel Landeskog.
9:59 of 3rd period - Sean Monahan wins face-off versus Mikael Backlund in ARIZONA zone.
10:04 of 3rd period - Shot by Sean Monahan.
10:04 of 3rd period - Shot Misses the Net.
11:12 of 3rd period - Tom Pyatt is hit by Logan Couture and loses puck.
11:47 of 3rd period - Johnny Boychuk is hit by Tom Pyatt and loses puck.
12:07 of 3rd period - Shot by Marcus Foligno.
12:07 of 3rd period - Shot Misses the Net.
12:15 of 3rd period - Shot by Marcus Foligno.
12:15 of 3rd period - Stopped by Pekka Rinne without a rebound.
12:16 of 3rd period - Sean Couturier wins face-off versus Sean Monahan in ARIZONA zone.
12:16 of 3rd period - Sean Couturier is hit by Patrick Maroon.
12:32 of 3rd period - Shot by Reilly Smith.
12:32 of 3rd period - Stopped by Jacob Markstrom without a rebound.
12:33 of 3rd period - Matt Cullen wins face-off versus Mikael Backlund in NEW YORK I zone.
12:44 of 3rd period - Icing by Mikael Backlund.
12:45 of 3rd period - Mikael Backlund wins face-off versus Logan Couture in ARIZONA zone.
12:45 of 3rd period - Mikael Backlund is hit by Josh Bailey.
13:03 of 3rd period - Shot by Gabriel Landeskog.
13:03 of 3rd period - Stopped by Jacob Markstrom with a rebound.
13:05 of 3rd period - Shot by Justin Faulk.
13:05 of 3rd period - Shot Misses the Net.
13:07 of 3rd period - Shot by Justin Williams.
13:07 of 3rd period - Shot Misses the Net.
13:21 of 3rd period - Shot by Justin Faulk.
13:21 of 3rd period - Shot Misses the Net.
13:23 of 3rd period - Shot by Gabriel Landeskog.
13:23 of 3rd period - Goal by Gabriel Landeskog - NEW YORK I : 5 - ARIZONA : 4.
13:24 of 3rd period - Sean Couturier wins face-off versus Sean Monahan in neutral zone.
13:39 of 3rd period - Shot by William Nylander.
13:39 of 3rd period - Deflect By Sean Couturier.
13:39 of 3rd period - Stopped by Jacob Markstrom without a rebound.
13:40 of 3rd period - Matt Cullen wins face-off versus Tomas Plekanec in NEW YORK I zone.
13:48 of 3rd period - Brandon Manning is hit by Austin Watson and loses puck.
14:36 of 3rd period - Brandon Saad is hit by Bryan Rust and loses puck.
14:48 of 3rd period - Tyson Barrie is hit by Adam Larsson and loses puck.
15:49 of 3rd period - Ryan Strome is hit by Gabriel Landeskog and loses puck.
16:03 of 3rd period - Minor Penalty to Gabriel Landeskog for Hooking.
16:04 of 3rd period - Sean Couturier wins face-off versus Sean Monahan in ARIZONA zone.
17:39 of 3rd period - Shot by Esa Lindell.
17:39 of 3rd period - Shot Blocked by Justin Faulk.
18:03 of 3rd period - Shot by Brandon Saad.
18:03 of 3rd period - Deflect By Marcus Foligno.
18:03 of 3rd period - Shot Misses the Net.
18:05 of 3rd period - Shot by Marcus Foligno.
18:05 of 3rd period - Shot Misses the Net.
18:15 of 3rd period - Icing by Tom Pyatt.
18:16 of 3rd period - Alexander Burmistrov wins face-off versus Matt Cullen in ARIZONA zone.
18:16 of 3rd period - Alexander Burmistrov is hit by Marcus Foligno.
18:26 of 3rd period - Shot by Tom Pyatt.
18:26 of 3rd period - Shot Blocked by Nicklas Grossmann.
18:28 of 3rd period - Shot by Tom Pyatt.
18:28 of 3rd period - Stopped by Jacob Markstrom without a rebound.
18:29 of 3rd period - Logan Couture wins face-off versus Mikael Backlund in NEW YORK I zone.
18:38 of 3rd period - Shot by Josh Bailey.
18:38 of 3rd period - Deflect By Brandon Saad.
18:38 of 3rd period - Shot Misses the Net.
18:40 of 3rd period - Shot by Josh Bailey.
18:40 of 3rd period - Stopped by Pekka Rinne with a rebound.
18:42 of 3rd period - Shot by Radko Gudas.
18:42 of 3rd period - Shot Misses the Net.
18:44 of 3rd period - Shot by Josh Bailey.
18:44 of 3rd period - Shot Misses the Net.
18:58 of 3rd period - Shot by Logan Couture.
18:58 of 3rd period - Stopped by Pekka Rinne without a rebound.
18:59 of 3rd period - Tomas Plekanec wins face-off versus Sean Monahan in ARIZONA zone.
19:10 of 3rd period - ARIZONA, Pekka Rinne is pulled from the net.
19:32 of 3rd period - Shot by Tomas Plekanec.
19:32 of 3rd period - Deflect By Bryan Rust.
19:32 of 3rd period - Shot Misses the Net.
19:52 of 3rd period - Shot by William Nylander.
19:52 of 3rd period - Shot Misses the Net.
Goals for this period are 0 for NEW YORK I vs 2 for ARIZONA.
Shots for this period are 6 for NEW YORK I vs 10 for ARIZONA.